 Dungeon Crawl Stone Soup version 0.19-b1-4-gd8a0a2a (webtiles) character file.

46399 sleepydude the Basher (level 14, -3/133 HPs)
             Began as a Deep Dwarf Fighter on Oct 30, 2016.
             Was the Champion of Makhleb.
             Killed from afar by a molten gargoyle (38 damage)
             ... with a bolt of magma
             ... on level 6 of the Lair of Beasts.
             The game lasted 01:15:32 (17631 turns).

sleepydude the Basher (Deep Dwarf Fighter)         Turns: 17631, Time: 01:15:32

Health: -3/133     AC: 20    Str: 25    XL:     14   Next: 4%
Magic:  2/2        EV:  8    Int:  9    God:    Makhleb [******]
Gold:   1185       SH: 13    Dex: 12    Spells: 0 memorised, 13 levels left

rFire  . . .     SeeInvis .     Q - +2 whip (freeze)
rCold  + . .     Gourm    .     V - +3 chain mail
rNeg   + . .     Faith    +     c - +0 shield
rPois  .         Spirit   .     A - +0 helmet
rElec  .         Reflect  .     U - +0 cloak (curse)
rCorr  .         Harm     .     l - +0 pair of gloves
MR     ++...                    (no boots)
Stlth  ..........               d - amulet of faith
                                p - ring of protection from cold
                                R - ring of stealth

@: non-regenerating
A: damage resistance, recharge devices, negative energy resistance 1, sense
surroundings 2, slow regeneration 3
a: Device Recharging, Minor Destruction, Lesser Servant of Makhleb, Major
Destruction, Greater Servant of Makhleb, Renounce Religion


You were on level 6 of the Lair of Beasts.
You worshipped Makhleb.
Makhleb was exalted by your worship.
You were not hungry.

You visited 3 branches of the dungeon, and saw 18 of its levels.
You also visited: Ice Cave.

You collected 1185 gold pieces.

Inventory:

Hand Weapons
 t - a +0 flail of draining
 u - a +1 mace of flaming
 Q - a +2 whip of freezing (weapon)
Armour
 c - a +0 shield (worn)
 l - a +0 pair of gloves (worn)
 A - a +0 helmet (worn)
 K - a +0 plate armour
 U - a cursed +0 cloak (worn)
 V - a +3 chain mail (worn)
Jewellery
 d - an amulet of faith (around neck)
 p - a ring of protection from cold (right hand)
 J - an uncursed amulet of the gourmand
 N - a +4 ring of intelligence
 R - a ring of stealth (left hand)
Wands
 e - a wand of heal wounds (2/9)
 h - a wand of flame (24/48)
 i - a wand of disintegration (10/24)
 o - a wand of polymorph (4/24)
 q - a wand of random effects (18/48)
 z - a wand of flame (42/48)
 L - a wand of slowing (24/48)
 S - a wand of flame (25/48)
Scrolls
 b - 3 scrolls of fog
 g - 4 scrolls of identify {@r1}
 x - a scroll of blinking
 y - 7 scrolls of teleportation
 B - 2 scrolls of magic mapping
 D - 2 scrolls of remove curse {@r2}
 F - 4 scrolls of enchant weapon
 I - 4 scrolls of fear
Potions
 m - 3 potions of flight
 v - 4 potions of brilliance
 w - a potion of invisibility
 H - 3 potions of magic
 M - 2 potions of degeneration
 P - 3 potions of mutation
 T - a potion of cure mutation
 Y - a potion of curing {@q1}
Books
 k - a book of Necromancy

   Spells                             Type                      Level
   a - Pain                           Necromancy                   1
   b - Animate Skeleton               Necromancy                   1
   c - Vampiric Draining              Necromancy                   3
   d - Regeneration                   Charms/Necromancy            3
   e - Animate Dead                   Necromancy                   4
   f - Control Undead                 Necromancy                   4
 E - a book of Cantrips

   Spells                             Type                      Level
   a - Confusing Touch                Hexes                        1
   b - Animate Skeleton               Necromancy                   1
   c - Summon Small Mammal            Summoning                    1
   d - Apportation                    Translocation                1
 G - a book of Frost

   Spells                             Type                      Level
   a - Freeze                         Ice                          1
   b - Throw Frost                    Conjuration/Ice              2
   c - Ozocubu's Armour               Charms/Ice                   3
   d - Throw Icicle                   Conjuration/Ice              4
   e - Summon Ice Beast               Ice/Summoning                4
Comestibles
 a - 3 beef jerkies
 f - 9 bread rations
 j - 5 meat rations
 n - 16 fruits
 r - a royal jelly
 s - 6 chunks of flesh
 O - 2 slices of pizza


   Skills:
 + Level 10.7 Fighting
 * Level 13.3 Maces & Flails
 + Level 12.7 Armour
 + Level 12.3 Shields
 - Level 5.9 Invocations
 - Level 7.5 Evocations


You had 13 spell levels left.
You didn't know any spells.

Dungeon Overview and Level Annotations

Branches:
Dungeon (11/15)            Temple (1/1) D:7            Lair (6/6) D:10
 Shoals (0/4) Lair:4       Spider (0/4) Lair:4          Orc (0/2) D:10
  Slime: Lair:5-6

Altars:
Ashenzari
Cheibriados
Dithmenos
Elyvilon
Fedhas
Gozag
Hepliaklqana
Kikubaaqudgha
Makhleb
Nemelex Xobeh
Okawaru
Qazlal
Ru
Sif Muna
Trog
Uskayaw
Vehumet
Xom
Yredelemnul
Zin
The Shining One

Shops:
D:7 :

Annotations:
Lair:1 exclusion: 2 oklob plants
Lair:4 exclusion: 2 oklob plants
Lair:5 exclusion: 2 oklob plants


Innate Abilities, Weirdness & Mutations

You are resistant to damage.
You can recharge devices by infusing magical energy.
You resist negative energy. (rN+)
You passively map the area around you.
You do not regenerate.


Message History

You block the molten gargoyle's attack.
You barely miss the molten gargoyle.
The molten gargoyle is almost destroyed.
You barely miss the molten gargoyle.
The molten gargoyle is almost destroyed.
The molten gargoyle blasts magma at you!
The bolt of magma hits you!
* * * LOW HITPOINT WARNING * * *
You barely miss the molten gargoyle.
The molten gargoyle is almost destroyed.
You hit the molten gargoyle but do no damage.
The molten gargoyle is almost destroyed.
You block the molten gargoyle's attack.
Evoke which item? (* to show all) (? for menu, Esc to quit)
Zapping:
e - a wand of heal wounds (3/9)
Press: ? - help, Shift-Dir - straight line, f - you You feel much better.
This wand has 2 charges left.
The molten gargoyle blasts magma at you!
The bolt of magma hits you!
You die...

## ##.###*#......... ##.....
.###....## ......... * #.....
.........# #.....# * ### ≈ #.....
.........# #....#**###.###≈#.....
.........###..D# ##.....###.....
..........###.§####..............
...........##.§##................
...........##..##...............[
...............[@................
..........††...9.................
.................................
.................................
..(..............................
.................................
.................................
.................................
...#.#.#....##....#.PP.......###.


You could see a molten gargoyle.

Vanquished Creatures
  Snorg (Lair:4)
  A fire dragon (D:9)
  9 hydras
  Harold (Lair:4)
  The ghost of Spathi the Destroyer, a journeyman GrWz of Sif Muna (Lair:3)
  A catoblepas (Lair:2)
  The ghost of jasper the Spear-Bearer, a journeyman MfFi of Ashenzari (D:10)
  Sonja (Lair:2)
  An unseen horror (D:11)
  A hill giant (D:11)
  Pikel (D:7)
  An orb spider (Lair:4)
  3 ugly things
  6 elephants (Lair:4)
  2 ice statues (IceCv)
  5 black mambas
  The ghost of Disciple the Cleaver, a novice HOFi (D:5)
  8 spiny frogs
  A gargoyle (D:11)
  A torpor snail (Lair:6)
  7 komodo dragons
  2 polar bears
  Prince Ribbit (D:7)
  24 blink frogs
  6 hippogriffs
  15 dream sheep
  A snapping turtle (Lair:4)
  5 wyverns
  20 yaks
  A spriggan (D:7)
  3 basilisks
  A steam dragon (Lair:6)
  Edmund (D:4)
  8 water moccasins
  4 porcupines
  A hell hound (Lair:6)
  8 ice beasts
  4 orc warriors
  2 slaves (D:7)
  2 black bears
  3 sky beasts
  2 necrophages
  A phantom (D:6)
  19 wolves
  5 ogres
  4 centaurs
  13 crocodiles
  A big kobold (D:10)
  15 bullfrogs
  4 scorpions
  7 killer bees
  3 wights (D:8)
  4 howler monkeys
  7 crimson imps
  3 bullfrog zombies
  7 hounds
  3 jellies
  5 orc wizards
  5 orc priests
  A centaur skeleton (D:5)
  Ijyb (D:2)
  6 iguanas
  5 worker ants
  A hell rat (Lair:4)
  A killer bee zombie (D:6)
  A worker ant zombie (D:5)
  Robin (D:3)
  4 gnolls (D:3)
  8 adders
  2 river rats (Lair:4)
  A shadow imp (D:7)
  12 white imps (Lair:5)
  An ooze (D:5)
  An adder skeleton (D:8)
  4 worms
  10 dart slugs
  5 leopard geckos
  29 orcs
  2 ball pythons
  8 giant cockroaches
  13 goblins
  8 hobgoblins
  13 jackals
  A quokka (D:2)
  12 bats
  7 frilled lizards
  11 kobolds
  A leopard gecko skeleton (D:5)
  2 leopard gecko zombies
  11 rats
  A bush (Lair:3)
458 creatures vanquished.

Vanquished Creatures (others)
  2 fungi (Lair:2)
  3 plants
5 creatures vanquished.

Grand Total: 463 creatures vanquished

Notes
Turn   | Place    | Note
-------+----------+-------------------------------------------
     0 | D:1      | sleepydude the Deep Dwarf Fighter began the quest for the Orb.
     0 | D:1      | Reached XP level 1. HP: 20/20 MP: 1/1
    81 | D:1      | Reached XP level 2. HP: 22/27 MP: 2/2
   759 | D:1      | Reached XP level 3. HP: 26/33 MP: 3/3
  1205 | D:2      | Noticed Ijyb
  1242 | D:2      | Killed Ijyb
  1242 | D:2      | Reached skill level 3 in Maces & Flails
  1242 | D:2      | Reached XP level 4. HP: 26/42 MP: 4/4
  1260 | D:2      | Found a sacrificial altar of Ru.
  1894 | D:3      | Reached XP level 5. HP: 45/49 MP: 5/5
  2258 | D:3      | Noticed Robin
  2284 | D:3      | Killed Robin
  2400 | D:3      | Reached XP level 6. HP: 49/57 MP: 6/6
  2498 | D:3      | Reached skill level 4 in Maces & Flails
  2671 | D:3      | Reached skill level 5 in Shields
  2720 | D:3      | Found a stormy altar of Qazlal.
  2720 | D:3      | Found a faded altar of an unknown god.
  2725 | D:3      | Found a radiant altar of Vehumet.
  2727 | D:3      | Found a faded altar of an unknown god.
  2728 | D:3      | Found a glowing silver altar of Zin.
  3049 | D:4      | Noticed Edmund
  3068 | D:4      | Killed Edmund
  3068 | D:4      | Reached skill level 5 in Armour
  3068 | D:4      | Reached XP level 7. HP: 34/64 MP: 6/6
  3711 | D:5      | Entered Level 5 of the Dungeon
  3711 | D:5      | Noticed Disciple's ghost (novice HOFi)
  3987 | D:6      | Reached skill level 5 in Maces & Flails
  4041 | D:6      | Reached XP level 8. HP: 64/73 MP: 7/7
  4171 | D:6      | Reached skill level 5 in Fighting
  4350 | D:5      | Killed Disciple's ghost
  4350 | D:5      | Reached skill level 6 in Maces & Flails
  4863 | D:5      | Gained mutation: You passively map the area around you. [Deep Dwarf growth]
  4863 | D:5      | Reached XP level 9. HP: 54/82 MP: 7/7
  5239 | D:7      | Found a sparkling altar of Nemelex Xobeh.
  5274 | D:7      | Found Iromoes's Book Boutique.
  5331 | D:7      | Found a staircase to the Ecumenical Temple.
  5338 | Temple   | Entered the Ecumenical Temple
  5555 | Temple   | Became a worshipper of Makhleb the Destroyer
  5710 | D:7      | Noticed Prince Ribbit
  5867 | D:7      | Killed Prince Ribbit
  5867 | D:7      | Reached skill level 7 in Maces & Flails
  6012 | D:7      | Noticed a purple ugly thing
  6124 | D:7      | Found a shadowy altar of Dithmenos.
  6194 | D:7      | Reached * piety under Makhleb
  6261 | D:7      | Killed a purple ugly thing
  6525 | D:8      | Found a shimmering altar of Xom.
  6525 | D:8      | Found a shimmering altar of Xom.
  6525 | D:8      | Found a shimmering altar of Xom.
  6525 | D:8      | Found a shimmering altar of Xom.
  6525 | D:8      | Found a shimmering altar of Xom.
  6526 | D:8      | Found a shimmering altar of Xom.
  6526 | D:8      | Found a shimmering altar of Xom.
  6548 | D:8      | Found a basalt altar of Yredelemnul.
  6584 | D:8      | Reached XP level 10. HP: 66/94 MP: 7/7
  6750 | D:8      | Noticed Pikel
  6844 | D:7      | Killed Pikel
  6844 | D:7      | Reached skill level 1 in Evocations
  6862 | D:7      | Reached ** piety under Makhleb
  6862 | D:7      | Reached skill level 8 in Maces & Flails
  7334 | D:9      | Got a brightly glowing leather armour
  7345 | D:9      | Identified the cursed +1 leather armour of Catatonia {rPois} (You found it on level 9 of the Dungeon)
  7644 | D:9      | Noticed a fire dragon
  7707 | D:9      | Killed a fire dragon
  7974 | D:10     | Entered Level 10 of the Dungeon
  8189 | D:10     | Noticed jasper's ghost (journeyman MfFi)
  8261 | D:10     | Killed jasper's ghost
  8427 | D:10     | Found a blossoming altar of Fedhas.
  8631 | D:10     | Reached *** piety under Makhleb
  8638 | D:10     | Found a staircase to the Orcish Mines.
  8718 | D:10     | Reached XP level 11. HP: 52/103 MP: 9/9
  8866 | D:10     | Found a blossoming altar of Fedhas.
  8906 | D:10     | Reached skill level 5 in Evocations
  8980 | D:10     | Found a staircase to the Lair.
  9324 | D:11     | Noticed a hill giant
  9346 | D:11     | Killed a hill giant
  9498 | D:11     | Killed an unseen horror
  9498 | D:11     | Reached skill level 9 in Maces & Flails
  9555 | D:11     | Reached skill level 10 in Armour
  9565 | D:11     | Noticed a hill giant
  9951 | Lair:1   | Entered Level 1 of the Lair of Beasts
  9984 | Lair:1   | Reached skill level 10 in Shields
 10107 | Lair:1   | Found a shadowy altar of Dithmenos.
 10107 | Lair:1   | Noticed an oklob plant
 10508 | Lair:1   | Noticed an oklob plant
 11770 | Lair:2   | Reached **** piety under Makhleb
 11776 | Lair:2   | Reached skill level 10 in Maces & Flails
 12083 | Lair:2   | Noticed a catoblepas
 12139 | Lair:2   | Killed a catoblepas
 12139 | Lair:2   | Reached skill level 1 in Invocations
 12139 | Lair:2   | Reached XP level 12. HP: 85/112 MP: 8/8
 12433 | Lair:3   | Noticed Sonja
 12443 | Lair:3   | Noticed Spathi's ghost (journeyman GrWz)
 12715 | Lair:2   | Killed Sonja
 12873 | Lair:2   | Noticed a seven-headed hydra
 12928 | Lair:2   | Killed a seven-headed hydra
 13189 | Lair:3   | Killed Spathi's ghost
 13311 | Lair:3   | Noticed a four-headed hydra
 13327 | Lair:3   | Killed a four-headed hydra
 13327 | Lair:3   | Reached skill level 11 in Maces & Flails
 13399 | Lair:3   | Got a jasper-encrusted leather armour
 13414 | Lair:3   | Identified the +1 leather armour of Byiv {-Tele Str+8 Stlth+} (You found it on level 3 of the Lair of Beasts)
 14187 | Lair:4   | Noticed a four-headed hydra
 14209 | Lair:4   | Killed a four-headed hydra
 14209 | Lair:4   | Reached skill level 5 in Invocations
 14403 | Lair:4   | Noticed Harold
 14436 | Lair:4   | Killed Harold
 14483 | Lair:4   | Reached ***** piety under Makhleb
 14488 | Lair:4   | Noticed an eight-headed hydra
 14489 | Lair:4   | Noticed Snorg
 14507 | Lair:4   | Killed an eight-headed hydra
 14525 | Lair:4   | Reached XP level 13. HP: 81/123 MP: 5/5
 14622 | Lair:4   | Killed Snorg
 14752 | Lair:4   | Found a hole to the Spider Nest.
 14769 | Lair:4   | Reached skill level 10 in Fighting
 14995 | Lair:4   | Found a staircase to the Shoals.
 15061 | Lair:4   | Reached skill level 12 in Maces & Flails
 15445 | Lair:5   | Found a frozen archway.
 15505 | IceCv    | Entered an ice cave
 16271 | Lair:6   | Entered Level 6 of the Lair of Beasts
 16506 | Lair:5   | Reached ****** piety under Makhleb
 17024 | Lair:6   | Reached skill level 13 in Maces & Flails
 17506 | Lair:6   | Gained mutation: You resist negative energy. (rN+) [Deep Dwarf growth]
 17506 | Lair:6   | Reached XP level 14. HP: 97/133 MP: 3/3
 17631 | Lair:6   | Killed from afar by a molten gargoyle

Skill      XL: |  1  2  3  4  5  6  7  8  9 10 11 12 13 |
---------------+----------------------------------------+-----
Fighting       | 3 4 6 7 8 9 10 | 10.7
Shields        | 4 5 6 7 8 9 10 11 12 | 12.3
Maces & Flails | 3 4 5 6 7 8 10 11 13 | 13.3
Armour         | 4 5 7 8 9 10 11 12 | 12.7
Evocations     | 4 7 |  7.5
Invocations    | 1 5 |  5.9

Action                   |  1- 3 |  4- 6 |  7- 9 | 10-12 | 13-15 || total
-------------------------+-------+-------+-------+-------+-------++-------
Melee: Flail             |   174 |   279 |   506 |   188 |   181 ||  1328
       Dire flail        |       |       |    11 |       |       ||    11
       Whip              |       |       |       |   838 |    90 ||   928
       Mace              |       |       |       |   586 |   647 ||  1233
 Abil: Device Recharging |       |     1 |     2 |    10 |     4 ||    17
Evoke: Wand              |       |     4 |    15 |    42 |    13 ||    74
  Use: Scroll            |       |     4 |     1 |    22 |     2 ||    29
       Potion            |       |     2 |     4 |    12 |     6 ||    24
 Stab: Paralysed         |       |     1 |       |       |       ||     1
  Eat: Chunk             |     1 |     5 |     8 |    10 |    10 ||    34
       Royal jelly       |       |     1 |       |       |       ||     1
       Pizza             |       |       |     2 |       |     1 ||     3
       Beef jerky        |       |       |     1 |     2 |     1 ||     4
       Meat ration       |       |       |       |     1 |       ||     1
       Bread ration      |       |       |       |     2 |       ||     2
       Fruit             |       |       |       |     1 |       ||     1
Armor: Scale mail        |    40 |       |       |       |       ||    40
       Chain mail        |    62 |   149 |   206 |       |   241 ||   658
       Plate armour      |       |       |    28 |   744 |   194 ||   966
Dodge: Dodged            |    45 |    57 |   122 |   280 |   220 ||   724
Block: Shield            |    99 |   145 |   268 |   803 |   556 ||  1871
